 Dungeon Crawl Stone Soup version 0.31.0-1-g2c135a008e (webtiles) character file.

Game seed: 2465803607374614320

106 qw the Shooter (level 5, 0/40 HPs)
             Began as a Djinni Hunter on Jan 23, 2024.
             Slain by a goblin
             ... wielding a +1 dagger of speed
             ... led by Robin
              (1 damage)
             ... on level 3 of the Dungeon.
             The game lasted 00:00:08 (1601 turns).

qw the Shooter (Djinni Hunter)                      Turns: 1601, Time: 00:00:08

Health: 0/40       AC:  5    Str: 10    XL:     5   Next: 10%
Gold:   55         EV: 11    Int: 11    God:
                   SH:  0    Dex: 18

rFire   + + .        a - +0 shortbow
rCold   x . .        (shield currently unavailable)
rNeg    . . .        g - +0 ring mail
rPois   inf          (no helmet)
rElec   .            (no cloak)
rCorr   .            (no gloves)
SInv    .            (boots unavailable)
Will    .....        (no amulet)
Stlth   +            (no ring)
HPRegen 0.26/turn    (no ring)
MPRegen 0.00/turn

%: infuse magic (-1 HP)
@: flying
A: sickness immunity, fire resistance 2, cold vulnerability 1, float, innate
caster, HP casting, extra vitality 1
a: no special abilities


You were on level 3 of the Dungeon.
You visited 1 branch of the dungeon, and saw 3 of its levels.

You collected 55 gold pieces.


Innate Abilities, Weirdness & Mutations

You are immune to sickness and miasma.
You are immune to poison.
Your flesh is very heat resistant. (rF++)
You are vulnerable to cold. (rC-)
You float through the air rather than walking.
You learn spells naturally, not from books.
Your magical power is your life essence.
You have superior vitality. (+4 MHP)


   Skills:
 - Level 3.0 Fighting
 + Level 4.1 Ranged Weapons
 - Level 1.1 Armour
 - Level 3.0 Dodging
 - Level 0.7 Stealth


You knew the following spells:

 Your Spells              Type           Power      Damage    Failure   Level
a - Freeze                Ice            0%         1d3       65%         1
b - Ensorcelled Hibernat  Hex/Ice        0%         N/A       80%         2
Your spell library was empty.

Inventory:

Hand Weapons
 a - a +0 shortbow (weapon)
Armour
 g - a +0 ring mail (worn)
Wands
 b - a wand of polymorph (3)
Potions
 d - a potion of curing
 e - 2 potions of resistance
 f - a potion of haste
 h - a potion of heal wounds {unknown}

Dungeon Overview and Level Annotations

Branches:
Dungeon (3/15)

Altars:


Message History

The goblin hits you but does no damage. The goblin closely misses you.
You shoot an arrow. The arrow closely misses the goblin.
The hobgoblin barely misses you. The goblin misses you.
The goblin unwields a +0 dagger.
The goblin wields a +0 sling.
The goblin shoots a sling bullet.
The sling bullet barely misses you.
You shoot an arrow. The arrow hits the goblin.
You kill the goblin!
The hobgoblin barely misses you. The goblin hits you but does no damage.
You shoot an arrow. The arrow hits the hobgoblin.
The hobgoblin is heavily wounded.
The hobgoblin misses you.
The goblin hits you with a +0 dagger. x2
The hobgoblin hits you but does no damage.
The goblin hits you with a +1 dagger of speed.
The goblin shoots a sling bullet.
The sling bullet closely misses you.
You shoot an arrow. The arrow barely misses the hobgoblin.
The goblin hits you with a +1 dagger of speed.
A hobgoblin comes into view.
The hobgoblin hits you but does no damage.
The goblin hits you with a +0 dagger. The goblin hits you with a +0 club.
The goblin hits you but does no damage.
You shoot an arrow. The hobgoblin shouts!
The arrow hits the hobgoblin but does no damage.
The hobgoblin is heavily wounded.
The hobgoblin hits you.
The hobgoblin hits you with a +0 hand axe.
The goblin completely misses you.
The goblin hits you with a +1 dagger of speed.
The goblin hits you but does no damage.
The goblin hits you with a +1 dagger of speed.
The goblin hits you with a +0 dagger. The hobgoblin closely misses you.
The goblin closely misses you.
A goblin comes into view. It is wielding a +0 dagger.
The hobgoblin closely misses you.
You shoot an arrow. The goblin shouts!
The arrow hits the hobgoblin.
You kill the hobgoblin!
The goblin hits you with a +1 dagger of speed.
You die...

###.g...#
........
##%..g..#
.......# ####
#...).+ ...
#.....#
.###.###..ggg#
...........g@g#
..(........g..#
..............#
..............#
......)..######
...........#
...........#
.##.......+
#.###...###


You could see 2 hobgoblins and 6 goblins.

Vanquished Creatures
  Jessica (D:2)
  3 adders
  A dart slug (D:1)
  2 ribbon worms
  4 bats
  3 endoplasms (D:1)
  A giant cockroach (D:2)
  5 hobgoblins
  5 kobolds
  2 quokkas (D:1)
  4 ball pythons
  5 frilled lizards
  9 goblins
  3 rats (D:1)
48 creatures vanquished.

Notes
Turn   | Place    | Note
-------+----------+-------------------------------------------
     0 | D:1      | qw the Djinni Hunter began the quest for the Orb.
     0 | D:1      | Reached XP level 1. HP: 18/18 MP: 0/0
     0 | D:1      | 0 ||| qw: Version: 0.3-a-132-g3d54051
     0 | D:1      | 0 ||| qw: Game counter: 612
     0 | D:1      | 0 ||| qw: Melee chars always use a shield: true
     0 | D:1      | 0 ||| qw: God list: Okawaru
     0 | D:1      | 0 ||| qw: Allow faded altars: false
     0 | D:1      | 0 ||| qw: Do Orc after clearing Dungeon:15 true
     0 | D:1      | 0 ||| qw: Do second Lair branch before Depths: true
     0 | D:1      | 0 ||| qw: Lair rune preference: random
     0 | D:1      | 0 ||| qw: Goals: Normal
     0 | D:1      | 0 ||| PLANNING D:1-11
    81 | D:1      | Reached XP level 2. HP: 23/23 MP: 0/0
   713 | D:1      | 713 ||| READING scroll labelled JIPESKUGOEM.
   713 | D:1      | 713 ||| IDENTIFYING inky potion
   714 | D:1      | 714 ||| DRINKING 2 glowing pink potions.
   715 | D:1      | 715 ||| DRINKING 2 fuming white potions.
   716 | D:1      | 716 ||| DROPPING scroll of butterflies.
   717 | D:1      | 717 ||| DROPPING potion of degeneration.
   743 | D:2      | 743 ||| STAIRDANCE
   747 | D:2      | 747 ||| STAIRDANCE
   755 | D:1      | Reached skill level 4 in Ranged Weapons
   755 | D:1      | Reached XP level 3. HP: 28/28 MP: 0/0
   755 | D:1      | Learned a level 1 spell: Freeze
   776 | D:2      | Noticed Jessica
   779 | D:2      | Killed Jessica
   780 | D:2      | Reached XP level 4. HP: 21/34 MP: 0/0
   783 | D:2      | 783 ||| FLEEEEING.
   907 | D:2      | Reached skill level 3 in Fighting
  1039 | D:2      | 1039 ||| FLEEEEING.
  1113 | D:2      | Reached skill level 3 in Dodging
  1138 | D:2      | 1138 ||| FLEEEEING.
  1142 | D:2      | 1142 ||| STAIRDANCE
  1157 | D:1      | 1157 ||| UPGRADING to +0 ring mail.
  1167 | D:1      | 1167 ||| DROPPING +0 leather armour.
  1326 | D:2      | Found a faded altar of an unknown god.
  1429 | D:2      | 1429 ||| READING scroll of identify.
  1429 | D:2      | 1429 ||| IDENTIFYING smoky puce potion
  1430 | D:2      | 1430 ||| READING scroll labelled NIFEXO BUMA.
  1531 | D:2      | 1531 ||| DRINKING 2 grey potions.
  1532 | D:2      | 1532 ||| DROPPING potion of magic.
  1593 | D:3      | Reached skill level 1 in Armour
  1593 | D:3      | Reached XP level 5. HP: 29/40 MP: 0/0
  1593 | D:3      | Learned a level 2 spell: Ensorcelled Hibernation
  1600 | D:3      | HP: 8/40 [hobgoblin/+0 hand axe[Robin] (6)]
  1600 | D:3      | HP: 2/40 [goblin/+1 dagger of speed[Robin] (3)]
  1601 | D:3      | Slain by a goblin

Levels and vault maps discovered:
D:1:      roderic_crop_circles_arrival_small, layout_loops_ring, minivault_11
D:2:      layout_basic, dreamdust_ecumenical_altar_hidden_monk_grotto,
          uniq_jessica
D:3:      layout_basic, biasface_ghost_orc_armoury, lexackson_kobold_supper,
          uniq_robin, uniq_ijyb

Skill      XL: |  1  2  3  4 |
---------------+-------------+-----
Ranged Weapons | 4 |  4.1
Fighting       | 3 |  3.0
Dodging        | 3 |  3.0
Armour         | 1 |  1.1
Stealth        | |  0.7

Action                     |  1- 3 |  4- 6 || total
---------------------------+-------+-------++-------
   Fire: Shortbow          |    74 |   105 ||   179
    Use: Potion            |     2 |     1 ||     3
         Scroll            |     1 |     2 ||     3
 Armour: Leather armour    |    26 |    17 ||    43
         Ring mail         |       |    36 ||    36
  Dodge: Dodged            |    21 |    50 ||    71

Table legend:
 A = Non-vault XP
 B = Vault XP
 C = Vault XP percentage of total XP
 D = Non-vault monster count
 E = Vault monster count
 F = Vault count percentage of total count
                 A         B        C        D         E       F
            +---------+---------+-------+---------+---------+-------
      Total |     111 |      43 |  27.9 |      44 |       4 |   8.3
            +---------+---------+-------+---------+---------+-------
        D:1 |      32 |       0 |   0.0 |      18 |       0 |   0.0
        D:2 |      62 |      37 |  37.4 |      22 |       1 |   4.3
        D:3 |      17 |       6 |  26.1 |       4 |       3 |  42.9
            +---------+---------+-------+---------+---------+-------
